 Dungeon Crawl Stone Soup version 0.30-a0-840-ga523dec638 (webtiles) character file.

Game seed: 1635498581875805728

131 NinjaNoafa the Conjurer (level 4, 0/33 HPs)
             Began as a Draconian Conjurer on Mar 1, 2023.
             Was an Initiate of Hepliaklqana.
             Slain by an orc wizard
             ... wielding a +2 dagger of venom
              (5 damage)
             ... on level 3 of the Dungeon.
             The game lasted 00:07:48 (2151 turns).

NinjaNoafa the Conjurer (Draconian Conjurer)        Turns: 2151, Time: 00:07:49

Health: 0/33       AC:  6    Str:  9    XL:     4   Next: 91%
Magic:  0/9        EV: 12    Int: 20    God:    Hepliaklqana [......]
Gold:   160        SH:  0    Dex: 10    Spells: 4/10 levels left

rFire   . . .      SeeInvis .    a - +1 flail (venom)
rCold   . . .      Faith    .    (no shield)
rNeg    . . .      Spirit   .    (body armour unavailable)
rPois   .          Reflect  .    (helmet restricted)
rElec   .          Harm     .    (no cloak)
rCorr   .          Rampage  .    t - +0 pair of gloves
Will    .....                    (no boots)
Stlth   ++                       (no amulet)
HPRegen 0.25/turn                (no ring)
MPRegen 0.11/turn                (no ring)

@: lethally poisoned (0 -> -6)
A: AC +5, unfitting armour, cold-blooded
a: Renounce Religion


You were on level 3 of the Dungeon.
You worshipped Hepliaklqana.
Hepliaklqana was noncommittal.
You visited 1 branch of the dungeon, and saw 3 of its levels.

You collected 160 gold pieces.

Inventory:

Hand Weapons
 a - a +1 flail of venom (weapon)
Missiles
 b - 3 javelins
 s - 8 poisoned darts
 v - 4 boomerangs
Armour
 t - a +0 pair of gloves (worn)
Scrolls
 e - a scroll of enchant weapon {unknown}
 h - a scroll of fear {unknown}
 i - 2 scrolls of blinking {unknown}
 j - 3 scrolls of teleportation {unknown}
 l - 2 scrolls of magic mapping {unknown}
 r - a scroll of immolation {unknown}
 u - 2 scrolls of vulnerability {unknown}
Potions
 c - a potion of magic
 d - a potion of brilliance
 f - a potion of haste
 k - a potion of resistance {unknown}
 m - a potion of invisibility {unknown}
 n - a potion of flight {unknown}
 o - 2 potions of heal wounds {unknown}
 p - a potion of cancellation {unknown}
 q - a potion of berserk rage {unknown}


   Skills:
 - Level 1.7 Dodging
 - Level 1.7 Stealth
 + Level 3.5 Spellcasting
 + Level 5.1 Conjurations
 + Level 1.0 Hexes


You had 4 spell levels left.
You knew the following spells:

 Your Spells              Type           Power      Damage    Failure   Level
a - Magic Dart            Conj           96%        1d7       1%          1
b - Searing Ray           Conj           48%        2d6       2%          2
c - Dazzling Flash        Conj/Hex       30%        N/A       12%         3

Your spell library contained the following spells:

 Spells                   Type           Power      Damage    Failure   Level
 Summon Small Mammal      Summ           12%        N/A       14%         1
 Ensorcelled Hibernation  Hex/Ice        10%        N/A       17%         2
 Summon Guardian Golem    Hex/Summ       5%         N/A       32%         3
 Fulminant Prism          Conj/Hex       7%         3d6       36%         4
 Call Canine Familiar     Summ           3%         N/A       38%         3
 Ignite Poison            Fire/Tmut/Pois 3%         N/A       38%         3
 Spider Form              Tmut/Pois      3%         N/A       38%         3
 Iskenderun's Mystic Bla  Conj/Tloc      13%        2d5       43%         4
 Sticky Flame             Conj/Fire      13%        2d4       43%         4
 Anguish                  Hex/Necr       2%         N/A       73%         4
 Ignition                 Fire           1%         3d3       100%        8


Dungeon Overview and Level Annotations

Branches:
Dungeon (3/15)

Altars:
Elyvilon
Hepliaklqana

Shops:
D:2 =

Annotations:
D:3 1 runed translucent door, Visceralaeon's ghost, amateur HuNe


Innate Abilities, Weirdness & Mutations

Your plain brown scales are hard. (AC +5)
You cannot fit into any form of body armour.
You are cold-blooded and may be slowed by cold attacks.


Message History

Something hits you but does no damage.
You are lethally poisoned!
Casting: Searing Ray (safe; 2% risk of failure)
Confirm with . or Enter, or press ? or * to list all spells.
You can't see any susceptible monsters within range! (Use Z to cast anyway.)
Casting: Searing Ray (safe; 2% risk of failure)
Confirm with . or Enter, or press ? or * to list all spells.
Aiming: Magic Dart (safe; 1% risk of failure)
Press: ? - help, Shift-Dir - straight line The magic dart hits something but does no damage.
* * * LOW HITPOINT WARNING * * *
You feel very sick.
You hear some strange, mumbled words.
A magic dart appears from out of thin air!
The magic dart hits you.
* * * LOW HITPOINT WARNING * * *
You feel better. Something hits you but does no damage.
You are poisoned.
You miss something.
Your tail-slap misses something.
* * * LOW HITPOINT WARNING * * *
You feel very sick. Something hits you.
* * * LOW HITPOINT WARNING * * *
You are more poisoned.
You feel better. Something completely misses you.
Casting: Magic Dart (safe; 1% risk of failure)
Confirm with . or Enter, or press ? or * to list all spells.
You can't see any susceptible monsters within range! (Use Z to cast anyway.)
Casting: Magic Dart (safe; 1% risk of failure)
Confirm with . or Enter, or press ? or * to list all spells.
Aiming: Magic Dart (safe; 1% risk of failure)
Press: ? - help, Shift-Dir - straight line The magic dart hits something.
Something hits you.
* * * LOW HITPOINT WARNING * * *
You are lethally poisoned!
You miss something.
* * * LOW HITPOINT WARNING * * *
You feel very sick. Something hits you.
You die...

.#.#### #..# ......#
#..##### ......#
#....... ......#
######## ......# #+#
#.... #.....# ##..#
#.### ......# #....# #.#
# #.....# #....)### #.#
# ####### ##{@## #.# #
#....+ #.# # #....#
#.### ##..## #.... #'##
##### #.# ######
#.######### .....#
#.........# ####.#
##########.....#########


There were no monsters in sight!

Vanquished Creatures
  2 orc wizards (D:3)
  2 adders (D:2)
  A white imp (D:3)
  3 worms (D:3)
  An orc (D:3)
  4 ball pythons
  3 bats
  4 endoplasms
  A giant cockroach (D:1)
  8 goblins
  4 hobgoblins
  4 quokkas
  2 frilled lizards
  3 kobolds
  6 rats
48 creatures vanquished.

Notes
Turn   | Place    | Note
-------+----------+-------------------------------------------
     0 | D:1      | NinjaNoafa the Draconian Conjurer began the quest for the
                  | Orb.
     0 | D:1      | Reached XP level 1. HP: 14/14 MP: 3/3
   272 | D:1      | Reached XP level 2. HP: 20/20 MP: 3/5
   275 | D:1      | Learned a level 2 spell: Searing Ray
   864 | D:2      | Reached XP level 3. HP: 26/26 MP: 4/7
  1101 | D:2      | Found a white marble altar of Elyvilon.
  1122 | D:2      | Found Emeh Must's One-of-a-Kind Rings.
  1323 | D:3      | Noticed Visceralaeon's ghost (amateur HuNe)
  1324 | D:3      | Found a runed translucent door.
  1467 | D:3      | Found a hazy altar of Hepliaklqana.
  1474 | D:3      | Became a worshipper of Hepliaklqana the Forgotten
  1543 | D:3      | Reached XP level 4. HP: 15/33 MP: 8/8
  1779 | D:3      | Learned a level 3 spell: Dazzling Flash
  2129 | D:3      | Reached skill level 5 in Conjurations
  2137 | D:3      | Reached skill level 1 in Hexes
  2151 | D:3      | Slain by an orc wizard

Illustrated notes

Levels and vault maps discovered:
D:1:      dpeg_arrival_rooms_a, layout_basic
D:2:      layout_loops_ring, basic_altar, nicolae_shop_unique_rings
D:3:      minmay_bubble_buster, layout_basic, old_standard_altar,
          hellmonk_ghost_happy_afterlife

Skill      XL: |  1  2  3  4 |
---------------+-------------+-----
Spellcasting   | 3 |  3.5
Conjurations   | 5 |  5.1
Hexes          | 1 |  1.0
Dodging        | |  1.7
Stealth        | |  1.7

Action                     |  1- 3 |  4- 6 || total
---------------------------+-------+-------++-------
  Melee: Flail             |    48 |    26 ||    74
         Tailslap          |     1 |       ||     1
   Cast: Magic Dart        |    28 |     6 ||    34
         Searing Ray       |     6 |     3 ||     9
    Use: Scroll            |     4 |       ||     4
         Potion            |       |     3 ||     3
   Stab: Sleeping          |     1 |       ||     1
 Armour: Skin              |    22 |    18 ||    40
  Dodge: Dodged            |    31 |    15 ||    46

Table legend: (Time is in decaauts)
 A = Elapsed time spent in this place.
 B = Non-inter-level travel time spent in this place.
 C = Inter-level travel time spent in this place.
 D = Time resting spent in this place.
 E = Time spent auto-exploring this place.
 F = Levels seen in this place.
 G = Mean time per level.
                   A        B        C        D        E       F      G
               +--------+--------+--------+--------+--------+-----+--------+
         Total |   2180 |   2000 |    180 |      0 |    886 |   3 |  726.7 |
       Dungeon |   2180 |   2000 |    180 |      0 |    886 |   3 |  726.7 |
               +--------+--------+--------+--------+--------+-----+--------+

Top non-repeatable levels by time:
     D:3: 872 daAuts
     D:2: 675 daAuts
     D:1: 632 daAuts
